 Dungeon Crawl Stone Soup version 0.26.1-11-gd32895ea62 (webtiles) character file.

Game seed: 75895112238569326

18 Descartes the Magician (level 2, -4/15 HPs)
             Began as a Deep Elf Hedge Wizard on May 30, 2021.
             Slain by a worm (6 damage)
             ... on level 2 of the Dungeon.
             The game lasted 00:01:30 (535 turns).

Descartes the Magician (Deep Elf Hedge Wizard)       Turns: 535, Time: 00:01:30

Health: -4/15      AC:  2    Str:  7    XL:     2   Next: 48%
Magic:  1/9        EV: 13    Int: 18    God:
Gold:   16         SH:  0    Dex: 14    Spells: 9/10 levels left

rFire    . . .     SeeInvis .   a - +0 dagger
rCold    . . .     Faith    .   (no shield)
rNeg     . . .     Spirit   .   b - +0 robe
rPois    .         Reflect  .   c - +0 hat
rElec    .         Harm     .   (no cloak)
rCorr    .         Rampage  .   (no gloves)
Will     .....                  (no boots)
Stlth    ++........             (no amulet)
HPRegen  0.05/turn              (no ring)
MPRegen  0.11/turn              (no ring)

@: no status effects
A: no striking features
a: no special abilities


You were on level 2 of the Dungeon.
You visited 1 branch of the dungeon, and saw 2 of its levels.

You collected 16 gold pieces.

Inventory:

Hand Weapons
 a - a +0 dagger (weapon)
Missiles
 f - 3 stones
 g - 22 arrows
 i - 13 bolts
Armour
 b - a +0 robe (worn)
 c - a +0 hat (worn)
Scrolls
 d - a scroll of identify {unknown}
 e - 2 scrolls of remove curse {unknown}
Potions
 h - a potion of attraction {unknown}
 j - a potion of magic {unknown}


   Skills:
 + Level 2.8 Dodging
 - Level 2.4 Stealth
 + Level 4.7 Spellcasting
 + Level 1.7 Conjurations
 - Level 1.1 Summonings
 + Level 1.6 Translocations


You had 9 spell levels left.
You knew the following spells:

 Your Spells              Type           Power        Failure   Level
a - Magic Dart            Conj           40%          7%          1

Your spell library contained the following spells:

 Spells                   Type           Power        Failure   Level
 Blink                    Tloc           N/A          11%         2
 Call Imp                 Summ           8%           13%         2
 Slow                     Hex            4%           21%         2
 Conjure Flame            Conj/Fire      7%           28%         3
 Mephitic Cloud           Conj/Pois/Air  6%           32%         3


Dungeon Overview and Level Annotations

Branches:
Dungeon (1/15)

Altars:


Message History

You closely miss the jackal.
The jackal is moderately wounded.
The jackal barely misses you. The jackal bites you. The worm barely misses you.
You hit the jackal.
The jackal is severely wounded.
The jackal bites you.
* * * LOW HITPOINT WARNING * * *
The jackal completely misses you. The jackal barely misses you. x2
You hit the jackal but do no damage.
The jackal is severely wounded.
The jackal bites you but does no damage.
The jackal misses you. The worm barely misses you.
You closely miss the jackal.
The jackal is severely wounded.
The jackal misses you. The jackal barely misses you.
The jackal closely misses you. The jackal barely misses you.
You closely miss the jackal.
The jackal is severely wounded.
The jackal misses you. The worm bites you.
You die...

## ##.#
##)..#
......#
......h##
......h@#
......w##
#.....#
##...#
##.# #. .
.


You could see a worm and 2 jackals.

Vanquished Creatures
  An ooze (D:1)
  2 goblins
  3 hobgoblins (D:1)
  2 jackals (D:2)
  2 kobolds (D:1)
  A frilled lizard (D:1)
11 creatures vanquished.

Notes
Turn   | Place    | Note
-------+----------+-------------------------------------------
     0 | D:1      | Descartes the Deep Elf Hedge Wizard began the quest for the
                  | Orb.
     0 | D:1      | Reached XP level 1. HP: 10/10 MP: 7/7
     2 | D:1      | Noticed a dwarf
     2 | D:1      | Noticed a minotaur
     4 | D:1      | Noticed a felid
     4 | D:1      | Noticed a formicid
     6 | D:1      | Noticed a naga
     6 | D:1      | Noticed a centaur
     9 | D:1      | Noticed a halfling
     9 | D:1      | Noticed a vine stalker
    11 | D:1      | Noticed a gargoyle
    13 | D:1      | Noticed an elf
    13 | D:1      | Noticed a troll
    15 | D:1      | Noticed a spriggan
    15 | D:1      | Noticed a human
    17 | D:1      | Noticed an octopode
    19 | D:1      | Noticed an ogre
    19 | D:1      | Noticed a tengu
    22 | D:1      | Noticed a demigod
    24 | D:1      | Noticed a vampire
    24 | D:1      | Noticed a ghoul
    26 | D:1      | Noticed a demonspawn
   240 | D:1      | Reached XP level 2. HP: 7/15 MP: 0/9
   516 | D:1      | You fall into a shaft and drop 1 floor!
   535 | D:2      | Slain by a worm

Illustrated notes

Levels and vault maps discovered:
D:1:      kb_arrival_jail, layout_basic
D:2:      layout_loops_cross, lemuel_round_altar, fedhas_altar_2

Action                   || total
-------------------------++-------
Melee: Dagger            ||    11
 Cast: Magic Dart        ||    38
Armor: Robe              ||     4
Dodge: Dodged            ||    26
